AoeStats
← Spensounet

Arabia

510379256Analyzed
1v1 RM · 1d ago on Sep 30, 2026· 32m 32s· 2 players
Game mode
Random Map
Map size
Tiny (2 player)
Population
200
Speed
Normal
Resources
Standard
Victory
Conquest
Starting age
Dark Age
Ending age
Imperial Age
RankedLock teamsTeams togetherTeam positionsShared explorationLock speedFull tech treeHidden civsTurbo modeCheats
Victory
Defeat
🇬🇧 Aztecs · United Kingdom
1348
+17
🇫🇷 Lithuanians · France
1377
-17
jemelles
2:15 Loom
14:42 Feudal Age
14:56 Man-at-Arms
16:58 Wheelbarrow
18:01 Scale Mail Armor
18:46 Forging
19:53 Arson
29:48 Castle Age
30:02 Pikeman
30:45 Squires
30:12 Long Swordsman
30:38 Gambesons
31:11 Chain Mail Armor
Spensounet
5:20 Loom
8:34 Feudal Age
9:58 Double-Bit Axe
10:37 Town Watch
13:34 Horse Collar
21:00 Castle Age
20:17 Bloodlines
21:34 Forging
22:11 Scale Barding Armor
30:29 Husbandry
32:07 Fletching
Connection lost

Rejoining the realm…

Still unreachable

The connection could not be restored.

Session expired

The server has moved on; the page needs a fresh start.